 Dungeon Crawl Stone Soup version 0.30.1-4-g462c640d31 (webtiles) character file.

Game seed: 6821213249263254105

12165 booth the Cleaver (level 11, -4/75 (87) HPs)
             Began as a Demonspawn Monk on Aug 12, 2023.
             Was the Champion of Qazlal.
             Killed from afar by Josephine (25 damage)
             ... with a ghostly fireball
             ... on level 10 of the Dungeon.
             The game lasted 01:09:41 (9006 turns).

booth the Cleaver (Demonspawn Monk)                 Turns: 9006, Time: 01:09:42

HP:   -4/75 (87)    AC: 11    Str: 17    XL:     11   Next: 58%
MP:   21/21         EV: 21    Int: 11    God:    Qazlal [******]
Gold: 345           SH: 14    Dex: 18    Spells: 23/23 levels left

rFire   + . .        g - +3 war axe (elec)
rCold   + . .        d - orb {light}
rNeg    . . .        j - +3 leather armour {rF+}
rPois   .            (no helmet)
rElec   .            y - +1 cloak {Will+}
rCorr   .            e - +2 pair of gloves {Dex+3}
SInv    .            (no boots)
Will    +....        v - amulet of regeneration
Stlth   +            w - +5 ring of evasion
HPRegen 1.12/turn    H - ring of protection from cold
MPRegen 0.17/turn

%: repel missiles
@: slowed, glowing, heavily drained, very slow
A: large bone plates 2, augmentation 1, demonic magic 1, weakness stinger 2
a: Renounce Religion, Upheaval, Elemental Force, Disaster Area


You were on level 10 of the Dungeon.
You worshipped Qazlal.
Qazlal was exalted by your worship.
You visited 1 branch of the dungeon, and saw 10 of its levels.

You collected 510 gold pieces.
You spent 165 gold pieces at shops.

Inventory:

Hand Weapons
 g - a +3 war axe of electrocution (weapon)
 h - a +2 heavy flail
 t - a +0 flail of electrocution
Missiles
 a - a curare-tipped dart
 m - 26 poisoned darts
 q - 12 boomerangs (quivered)
 s - 4 atropa-tipped darts
Armour
 d - an orb of light (worn)
 e - a +2 pair of gloves of dexterity (worn)
 j - a +3 leather armour of fire resistance (worn)
 x - a +0 ring mail
 y - a +1 cloak of willpower (worn)
 I - a +0 buckler
Jewellery
 v - an amulet of regeneration (around neck)
 w - a +5 ring of evasion (left hand)
 D - a ring of resist corrosion
 H - a ring of protection from cold (right hand)
 P - an amulet of magic regeneration
Wands
 o - a wand of mindburst (9)
 z - a wand of iceblast (20)
 B - a wand of acid (12)
 O - a wand of paralysis (5)
Scrolls
 n - 4 scrolls of teleportation
 A - 2 scrolls of enchant armour
 C - a scroll of vulnerability
 E - a scroll of poison
 F - a scroll of butterflies
 M - a scroll of immolation
 N - 2 scrolls of fear
Potions
 b - 3 potions of lignification
 c - a potion of ambrosia
 f - a potion of cancellation
 i - 2 potions of might
 k - a potion of heal wounds
 l - a potion of invisibility
 p - 3 potions of haste
 r - 3 potions of resistance
 u - 4 potions of curing
 J - 2 potions of flight
 L - a potion of attraction
Miscellaneous
 K - a phial of floods


   Skills:
 + Level 8.3 Fighting
 * Level 10.3(11.2) Axes
 + Level 6.8(9.5) Maces & Flails
 + Level 7.6 Dodging
 + Level 6.8 Spellcasting


You had 23 spell levels left.
You didn't know any spells.
Your spell library contained the following spells:

 Spells                   Type           Power      Damage    Failure   Level
 Static Discharge         Conj/Air       6%         2-3/arc   32%         2
 Sublimation of Blood     Necr           3%         N/A       32%         2
 Gell's Gravitas          Tloc           3%         N/A       54%         3
 Inner Flame              Hex/Fire       3%         N/A       54%         3
 Ozocubu's Armour         Ice            3%         N/A       54%         3
 Portal Projectile        Hex/Tloc       6%         N/A       54%         3
 Teleport Other           Tloc           3%         N/A       54%         3
 Tukima's Dance           Hex            3%         N/A       54%         3
 Airstrike                Air            1%         2d(1-17)  91%         4
 Flame Wave               Conj/Fire      3%         2d5       91%         4
 Petrify                  Tmut/Erth      3%         N/A       91%         4
 Sticky Flame             Conj/Fire      3%         2d3       91%         4
 Summon Lightning Spire   Summ/Air       3%         N/A       91%         4
 Blade Hands              Tmut           1%         N/A       99%         5
 Irradiate                Conj/Tmut      1%         3d12      99%         5
 Dispersal                Tloc           1%         N/A       100%        6
 Ozocubu's Refrigeration  Ice            1%         4d7       100%        7


Dungeon Overview and Level Annotations

Branches:
Dungeon (10/15)            Temple (0/1) D:6            Lair (0/5) D:9
    Orc (0/2) D:9

Altars:
Fedhas
Hepliaklqana
Qazlal
Uskayaw
Vehumet
Wu Jian
Xom

Shops:
D:7 *((=   D:9 *

Annotations:
D:10 Josephine


Innate Abilities, Weirdness & Mutations

You are mostly covered in large bone plates. (SH +6)
Your magical and physical power is slightly enhanced at high health.
Spells you cast may paralyse adjacent enemies.
You have a tail ending in a sharp stinger.


Message History

You block the freezing wraith's attack.
You hit the freezing wraith but do no damage.
Lightning courses through the freezing wraith!
The freezing wraith is severely damaged.
You block the freezing wraith's attack. The freezing wraith barely misses you.
You slash the freezing wraith! You tail-slap the freezing wraith.
You destroy the freezing wraith!
Qazlal accepts your kill.
You hear a shout!
You hear a shout!
A wraith comes into view.
Josephine the Decaying Necromancer comes into view.
She is wielding a +0 dagger.
You block the wraith's attack.
You hear a shout!
A wraith comes into view.
You hit the wraith.
The wraith is lightly damaged.
Josephine points at you and mumbles some strange words.
The ghostly flame explodes!
The ghostly fireball engulfs the wraith.
The wraith completely resists.
The ghostly fireball engulfs you!!
You feel drained.
A wraith comes into view.
The wraith hits you. The wraith drains your vigour!
You feel yourself slow down. The wraith barely misses you.
You block the wraith's attack. Josephine casts a spell at you.
The ghostly flame explodes!
The ghostly fireball engulfs the wraith.
The wraith completely resists.
The ghostly fireball engulfs Josephine.
Josephine completely resists.
The ghostly fireball engulfs you!!
You feel drained.
* * * LOW HITPOINT WARNING * * *
The wraith attacks as you move away! The wraith hits you.
* * * LOW HITPOINT WARNING * * *
Josephine grinds her teeth.
Josephine points at you and mumbles some strange words.
The ghostly flame explodes!
The ghostly fireball engulfs you!!
You feel drained.
You die...

#.........#
#.........#
#.>.......#
#.........#
#.........###########
#.........##.........
#..○.............####
#..☼......######..#
####@###### ##..# #.#
#.# ##.# .# #@.# .#
#.W.W## # #.#### ..
#. #


You could see Josephine and a wraith.

Vanquished Creatures
  2 centaur warriors (D:8)
  The ghost of justen the Cleaver, a novice HOFi of Okawaru (D:8)
  Pikel (D:4)
  The ghost of booth the Chopper, a novice DsGl of Jiyva (D:7)
  A manticore (D:8)
  A rime drake (D:9)
  A kobold demonologist (D:9)
  Psyche (D:10)
  A freezing wraith (D:10)
  2 trolls
  2 polar bears (D:9)
  A culicivora (shapeshifter) (D:8)
  3 spriggans (D:8)
  3 wyverns
  A shadow (D:9)
  A wraith (D:10)
  Eustachio (D:4)
  A steam dragon (D:7)
  9 yaks
  Edmund (D:4)
  An acid dragon (D:9)
  5 ice beasts (D:9)
  2 black bears
  2 orc warriors
  An ogre (D:6)
  4 wolves
  A phantom (D:4)
  4 centaurs
  2 lemures (D:4)
  3 kobold brigands
  A bullfrog (D:8)
  2 gnoll sergeants
  3 scorpions
  3 wights (D:7)
  11 killer bees
  2 howler monkeys (D:7)
  4 jellies
  3 orc priests
  A gnoll bouda (D:7)
  Crazy Yiuf (D:3)
  7 iguanas
  A sleepcap (D:6)
  Natasha (thrice) (D:4)
  7 orc wizards
  Robin (D:4)
  26 gnolls
  8 river rats (D:6)
  9 adders
  3 shadow imps
  2 white imps
  3 worms
  5 dart slugs
  21 orcs
  12 ball pythons
  11 endoplasms
  2 giant cockroaches (D:4)
  19 goblins
  16 hobgoblins
  6 jackals
  26 kobolds
  6 quokkas
  4 bats
  6 frilled lizards
  19 rats
314 creatures vanquished.

Vanquished Creatures (others)
  A worm (D:4)
  A ball python (D:3)
2 creatures vanquished.

Grand Total: 316 creatures vanquished

Notes
Turn   | Place    | Note
-------+----------+-------------------------------------------
     0 | D:1      | booth the Demonspawn Monk began the quest for the Orb.
     0 | D:1      | Reached XP level 1. HP: 18/18 MP: 1/1
   182 | D:1      | Gained mutation: You are partially covered in large bone
                  | plates. (SH +4) [demonic ancestry]
   182 | D:1      | Reached XP level 2. HP: 19/24 MP: 2/2
   292 | D:1      | Reached skill level 3 in Axes
   398 | D:1      | Gained mutation: Spells you cast may paralyse adjacent
                  | enemies. [demonic ancestry]
   398 | D:1      | Reached XP level 3. HP: 29/29 MP: 3/3
  1345 | D:2      | Gained mutation: You are mostly covered in large bone
                  | plates. (SH +6) [demonic ancestry]
  1345 | D:2      | Reached XP level 4. HP: 35/35 MP: 4/4
  1629 | D:3      | Reached skill level 1 in Maces & Flails
  2377 | D:3      | Found a faded altar of an unknown god.
  2388 | D:3      | Prayed at the altar of an unknown god.
  2388 | D:3      | Became a worshipper of Qazlal Stormbringer
  2388 | D:3      | Reached * piety under Qazlal
  2388 | D:3      | Reached ** piety under Qazlal
  2413 | D:3      | Reached skill level 1 in Spellcasting
  2485 | D:3      | Found a runed translucent door.
  2486 | D:3      | Noticed Crazy Yiuf
  2503 | D:3      | Killed Crazy Yiuf
  2504 | D:3      | Gained mutation: You have a small tail. [demonic ancestry]
  2504 | D:3      | Reached XP level 5. HP: 42/42 MP: 6/6
  2553 | D:3      | Identified a scroll of acquirement
  2553 | D:3      | Acquired a +2 war axe of electrocution
  2582 | D:4      | Noticed a phantom
  2588 | D:4      | Killed a phantom
  2589 | D:4      | Reached skill level 4 in Axes
  2657 | D:4      | Noticed Edmund
  2683 | D:4      | Killed Edmund
  2683 | D:4      | Reached *** piety under Qazlal
  2684 | D:4      | Reached XP level 6. HP: 31/48 MP: 7/9
  2985 | D:4      | Noticed Natasha
  3002 | D:4      | Killed Natasha
  3003 | D:4      | Noticed Robin
  3004 | D:4      | Noticed Eustachio
  3006 | D:4      | Noticed Pikel
  3051 | D:4      | Killed Robin
  3052 | D:4      | Reached XP level 7. HP: 48/54 MP: 10/10
  3064 | D:4      | Killed Pikel
  3065 | D:4      | Reached skill level 5 in Axes
  3065 | D:4      | Gained mutation: You have a tail ending in a sharp stinger.
                  | [demonic ancestry]
  3065 | D:4      | Reached XP level 8. HP: 32/61 MP: 10/12
  3085 | D:4      | Killed Eustachio
  3086 | D:4      | Reached skill level 5 in Fighting
  3151 | D:4      | Found a shimmering altar of Xom.
  3167 | D:4      | Reached **** piety under Qazlal
  3306 | D:4      | Noticed Natasha
  3318 | D:4      | Killed Natasha
  3325 | D:4      | Noticed Natasha
  3332 | D:4      | Killed Natasha
  3492 | D:5      | Entered Level 5 of the Dungeon
  3492 | D:5      | Found an ornate altar of the Wu Jian Council.
  3511 | D:5      | Reached skill level 6 in Axes
  3533 | D:5      | You fall into a shaft and drop 3 floors!
  3584 | D:7      | Found Myodaucu's Jewellery Shoppe.
  3584 | D:7      | Found Havadugg's Antique Weapon Shoppe.
  3601 | D:7      | Reached skill level 5 in Dodging
  3610 | D:7      | Found Osamoz's Antique Weapon Shoppe.
  3610 | D:7      | Found Dyd Vid's Assorted Antiques.
  3781 | D:7      | Gained mutation: Your magical and physical power is
                  | slightly enhanced at high health. [demonic ancestry]
  3781 | D:7      | Reached XP level 9. HP: 69/69 MP: 14/14
  3923 | D:5      | Reached skill level 7 in Axes
  3926 | D:5      | Reached ***** piety under Qazlal
  4269 | D:7      | Bought a scroll of enchant armour for 165 gold pieces
  5018 | D:6      | Found a staircase to the Ecumenical Temple.
  5743 | D:6      | Found a hide-covered altar of Uskayaw.
  6061 | D:7      | Noticed booth's ghost (novice DsGl)
  6063 | D:7      | Found a runed translucent door.
  6372 | D:7      | Killed booth's ghost
  6373 | D:7      | Reached skill level 8 in Axes
  6373 | D:7      | Reached skill level 5 in Maces & Flails
  6460 | D:8      | Reached skill level 5 in Spellcasting
  6460 | D:8      | Reached XP level 10. HP: 62/77 MP: 17/17
  6471 | D:8      | Noticed a centaur warrior
  6488 | D:8      | Killed a centaur warrior
  6505 | D:8      | Found a radiant altar of Vehumet.
  6507 | D:8      | Found a hazy altar of Hepliaklqana.
  6945 | D:8      | Reached ****** piety under Qazlal
  7025 | D:8      | Noticed a manticore
  7041 | D:8      | Killed a manticore
  7042 | D:8      | Reached skill level 9 in Axes
  7180 | D:8      | Noticed a centaur warrior
  7189 | D:8      | Killed a centaur warrior
  7295 | D:8      | Found a runed translucent door.
  7295 | D:8      | Identified the +3 trident of Giorag {pain, Int+4}
  7296 | D:8      | Noticed justen's ghost (novice HOFi)
  7435 | D:8      | Killed justen's ghost
  7436 | D:8      | Reached XP level 11. HP: 32/85 MP: 20/20
  7571 | D:9      | Reached skill level 10 in Axes
  7720 | D:9      | Found a stormy altar of Qazlal.
  8033 | D:9      | Found a staircase to the Orcish Mines.
  8504 | D:9      | Found a staircase to the Lair.
  8616 | D:9      | Found a blossoming altar of Fedhas.
  8648 | D:9      | Found Fuivoocs's Assorted Antiques.
  8817 | D:10     | Entered Level 10 of the Dungeon
  8817 | D:10     | Noticed Psyche
  8828 | D:10     | Killed Psyche
  9001 | D:10     | Noticed Josephine
  9006 | D:10     | Killed from afar by Josephine

Illustrated notes

Levels and vault maps discovered:
D:1:      heliophobic_arrival_glass_houses, layout_rooms
D:2:      layout_basic, grunt_ministairs_3, minmay_hexomino_c4
D:3:      layout_loops_corners, ebering_ecumenical_altar_rust,
          uniq_crazy_yiuf_cottage
D:4:      layout_basic, xom_confusion_cloud, kennysheep_generic_room_11,
          uniq_natasha, uniq_pikel, uniq_edmund, uniq_robin, uniq_eustachio
D:5:      layout_loops_cross, nicolae_wu_jian_wuxing_cycle
D:6:      corexii_shack_village, layout_loops_ring,
          nicolae_uskayaw_dance_studio, temple_pool_b, dreamdust_wishing_well,
          dk_rats_in_the_wall
D:7:      layout_rooms, enter_bailey_5, hellmonk_ghost_happy_afterlife,
          hangedman_abyss_or_decor_stabs, minmay_shop_grid_forest,
          minmay_misc_feat_alley, kennysheep_another_room,
          amcnicky_mini_rare_corridor_liquid
D:8:      minmay_bloctagon_deflated, layout_basic,
          chequers_temple_overflow_statue_of_worship,
          ebering_ghost_funeral_grove
D:9:      layout_loops_corners, kennysheep_mini_moat,
          nicolae_qazlal_general_emergency, hellmonk_lair_entry_icy,
          serial_co_window_serial, co_window_paths_b, co_window_corner_a,
          co_window_paths_a, co_window_corner_a, co_window_paths_a,
          co_window_cross_1, co_window_corner_a, co_window_corner_b,
          co_window_corner_b, co_window_unsneaky_path_a, co_window_corner_b,
          co_window_broadway_a, co_window_corner_b, glass_columns_b,
          glass_columns_a, serial_shops, nicolae_shop_behind_doors
D:10:     layout_roguey, nicolae_shop_fire_sale [nicolae_sub_dead_trees],
          uniq_josephine, uniq_erica, uniq_psyche

Skill      XL: |  1  2  3  4  5  6  7  8  9 10 11 |
---------------+----------------------------------+-----
Dodging        | 3 4 5 6 7 |  7.6
Axes           | 3 4 5 6 8 9 10 | 10.3
Maces & Flails | 1 2 3 4 5 6 |  6.8
Spellcasting   | 1 2 3 5 6 |  6.8
Fighting       | 4 5 6 7 8 |  8.3

Action                     |  1- 3 |  4- 6 |  7- 9 | 10-12 || total
---------------------------+-------+-------+-------+-------++-------
  Melee: Hand axe          |   110 |   192 |   119 |       ||   421
         Tailslap          |       |    26 |    57 |    24 ||   107
         War axe           |       |       |   145 |   136 ||   281
         Unarmed           |       |       |       |     9 ||     9
  Throw: Boomerang         |       |     4 |       |     3 ||     7
    Use: Scroll            |     5 |     6 |     6 |     3 ||    20
         Potion            |     1 |     4 |     1 |     1 ||     7
 Armour: Robe              |    15 |    29 |     7 |       ||    51
         Leather armour    |       |       |    40 |    32 ||    72
         Skin              |       |       |       |     2 ||     2
  Dodge: Dodged            |    50 |   151 |   206 |   109 ||   516
         Repelled          |       |       |     2 |     3 ||     5
  Block: Orb               |    18 |   105 |   196 |   139 ||   458
         Other             |       |       |       |     2 ||     2
